 Dungeon Crawl Stone Soup version 0.18-a0-337-g1235303 (webtiles) character file.

16606 4thArraOfDagon the Fighter (level 12, -4/127 HPs)
             Began as an Ogre Wanderer on Nov 28, 2015.
             Was a High Priest of Okawaru.
             Slain by a manticore (5 damage)
             ... on level 13 of the Dungeon.
             The game lasted 00:49:09 (7088 turns).

4thArraOfDagon the Fighter (Ogre Wanderer)          Turns: 7088, Time: 00:49:10

Health: -4/127     AC:  5    Str: 23    XL:     12   Next: 39%
Magic:  12/27      EV: 13    Int: 16    God:    Okawaru [*****.]
Gold:   164        SH:  0    Dex: 12    Spells: 4 memorised, 10 levels left

rFire  . . .     SeeInvis .     L - +8 battleaxe of the Solstice {flame, Stlth+}
rCold  . . .     Clarity  .     d - +0 robe
rNeg   . . .     SustAt   .     (shield currently unavailable)
rPois  .         Gourm    .     (helmet restricted)
rElec  .         Spirit   .     Q - +1 cloak
rCorr  .         Warding  .     (gloves unavailable)
rMut   .         Stasis   .     (boots unavailable)
MR     ++...                    (no amulet)
Stlth  +++.......               S - ring of fire
                                a - ring of Jommujas {Ice MR+ MP+9 Dex+7 Stlth+}

@: very slightly contaminated, regenerating, very resistant to hostile
enchantments, fairly stealthy
A: unfitting armour, tough skin 1
a: Heroism, Finesse, Renounce Religion


You were on level 13 of the Dungeon.
You worshipped Okawaru.
Okawaru was extremely pleased with you.
You were not hungry.

You visited 1 branch of the dungeon, and saw 13 of its levels.
You also visited: Labyrinth and Ossuary.

You collected 512 gold pieces.
You spent 348 gold pieces at shops.

Inventory:

Hand Weapons
 b - a +1 war axe of freezing
 c - the +5 dire flail "Kilink" {distort, Str+4, unknown}
   (You took it off a minotaur in a labyrinth)

   It warps and distorts space around it.
   Unwielding it can cause banishment or high damage.
   It affects your strength (+4).
 L - the +8 battleaxe of the Solstice (weapon) {flame, Stlth+}
   (You found it on level 6 of the Dungeon)

   It has been specially enchanted to burn those struck by it, causing extra
   injury to most foes and up to half again as much damage against particularly
   susceptible opponents.
   Big, fiery blades are also staple armaments of hydra-hunters.
   It makes you more stealthy.
 W - a +0 blowgun
Missiles
 m - a poisoned tomahawk (quivered)
 F - 2 tomahawks of returning
 I - a throwing net
 Y - 8 poisoned needles
Armour
 d - a +0 robe (worn)
 k - a +2 large shield of protection
 r - the +2 cloak of the Thief {+Fog Slay-2 SInv Stlth+}
   (You found it on level 10 of the Dungeon)

   It affects your accuracy and damage with ranged weapons and melee attacks
   (-2).
   It lets you see invisible.
   It can be evoked to emit clouds of fog.
   It makes you more stealthy.
 Q - a +1 cloak (worn)
Magical Staves
 s - an uncursed staff of wizardry {!a}
Rods
 v - a +2 rod of clouds (12/12)
   (You found it in a labyrinth)
 N - a +0 rod of shadows (12/12)
   (You found it in a labyrinth)
Jewellery
 a - the ring of Jommujas (left hand) {Ice MR+ MP+9 Dex+7 Stlth+}
   (You found it on level 4 of the Dungeon)

   [ring of ice]

   It enhances your ice magic, and weakens your fire magic.
   It affects your dexterity (+7).
   It makes you vulnerable to fire.
   It protects you from cold.
   It affects your resistance to hostile enchantments.
   It affects your magic capacity (+9).
   It makes you more stealthy.
 n - an uncursed ring of positive energy
 S - a ring of fire (right hand)
Wands
 h - a wand of heal wounds (6)
 l - a wand of confusion (48)
 p - a wand of disintegration (14)
 x - a wand of frost (0)
 P - a wand of confusion (20)
 T - a wand of polymorph (15)
 U - a wand of random effects (20)
 V - a wand of fire (5)
Scrolls
 g - 4 scrolls of remove curse
 q - a scroll of amnesia
 y - 3 scrolls of fog {unknown}
 B - 2 scrolls of immolation {unknown}
 C - a scroll of noise {unknown}
 E - a scroll of holy word {unknown}
 G - a scroll of vulnerability {unknown}
 J - 2 scrolls of teleportation
 R - a scroll of brand weapon {unknown}
 Z - a scroll of identify
Potions
 f - 3 potions of flight
 j - 2 potions of cure mutation
 o - 3 potions of brilliance
 t - 2 potions of poison {unknown}
 w - a potion of berserk rage {unknown}
 z - 2 potions of might
 A - 2 potions of heal wounds {unknown}
 D - a potion of beneficial mutation {unknown}
 H - a potion of haste {unknown}
 K - 4 potions of lignification
 M - a potion of magic {unknown}
Books
 X - a Young Poisoner's Handbook

   Spells                             Type                      Level
   a - Sting                          Conjuration/Poison           1
   b - Cure Poison                    Poison                       2
   c - Mephitic Cloud                 Conjuration/Poison/Air       3
   d - Olgreb's Toxic Radiance        Poison                       4
   e - Venom Bolt                     Conjuration/Poison           5
Comestibles
 e - 5 bread rations
 i - 5 meat rations


   Skills:
 + Level 10.5 Fighting
 * Level 7.2(8.0) Axes
 - Level 9.1(11.7) Maces & Flails
   Level 1.0(6.0) Polearms
 - Level 1.0(4.1) Staves
 + Level 7.8 Dodging
 - Level 1.0 Stealth
 - Level 4.3 Shields
 + Level 4.1 Spellcasting
 * Level 4.2 Charms
 * Level 4.2 Necromancy
 - Level 2.2 Invocations
 + Level 4.8 Evocations


You had 10 spell levels left.
You knew the following spells:

 Your Spells              Type           Power        Failure   Level  Hunger
a - Regeneration          Chrm/Necr      ###.......   12%         3    ###....
b - Spectral Weapon       Hex/Chrm       ##......     21%         3    ###....
c - Song of Slaying       Chrm           ###.....     6%          2    ##.....
d - Infusion              Chrm           ###...       3%          1    None


Dungeon Overview and Level Annotations

Branches:
Dungeon (13/15)            Temple (0/1) D:6            Lair (0/8) D:11
    Orc (0/4) D:11
 Vaults: D:13-14

Altars:
Ashenzari
Cheibriados
Gozag
Makhleb
Okawaru
Trog
Vehumet
Xom
Yredelemnul
Zin

Shops:
D:6 *

Annotations:
D:4 Edmund
D:9 Rayvis's ghost, novice OpAs


Innate Abilities, Weirdness & Mutations

You are too large for most types of armour.
You have tough skin (AC +1).


Message History

Unknown command.
You hit the manticore. You burn the manticore.
The manticore is severely wounded.
The manticore bites you!!
* * * LOW HITPOINT WARNING * * *
The manticore closely misses you.
The manticore claws you but does no damage.
The manticore bites you!
* * * LOW HITPOINT WARNING * * *
The manticore closely misses you. The manticore claws you.
* * * LOW HITPOINT WARNING * * *
Unknown command.
Unknown command.
Evoke which item? (* to show all) (? for menu, Esc to quit)
Zapping:
h - a wand of heal wounds (7)
Press: ? - help, Shift-Dir - straight line, f - you You feel much better.
This wand has 6 charges left.
The manticore bites you!!
* * * LOW HITPOINT WARNING * * *
The manticore closely misses you. The manticore claws you.
You die...

,,,* *,,,,,,+,,,,+...>...# ,,,*
*,,,,,,*****#.......# ****
*,,,,,,* #.......# *,,,,,,*
#.......# *****,** #....(..#
*****************##......##******
,,,,,,,,,...,,,,,,#..........,,,,
*********#▓▓▓######.#########****
*∩*,*,,,,.▓)▓..H@.#.# *
*,***,***.▓▓▓.▓▓▓.#.# *******
*,,,,,*,*.....▓)▓.'.# *,,,,,,
*********#####▓▓▓#### *,*****
,,,,,,,,,,,.......* *,* *
***********#######* *,* *,*
**,***** *,* *,,,,,,, *,*
*,,,,,,,


You could see a manticore.

Vanquished Creatures
  A minotaur (Lab)
  2 hydras
  A centaur warrior (D:12)
  3 skeletal warriors (D:13)
  3 hill giants (D:12)
  A cyclops (D:11)
  2 trolls
  Prince Ribbit (D:6)
  6 slime creatures
  A two-headed ogre (D:9)
  2 trapdoor spiders (Lab)
  2 hippogriffs
  18 yaks
  2 hungry ghosts
  Menkaure (D:4)
  2 wolves (D:11)
  A water moccasin (D:6)
  A sky beast (D:9)
  4 ogres
  3 orc warriors
  2 phantoms
  A black bear (D:12)
  A crocodile (D:10)
  4 centaurs
  A big kobold (D:12)
  6 giant frogs
  A gnoll sergeant (D:12)
  2 wyvern skeletons
  4 water moccasin zombies (Ossuary)
  8 killer bees
  2 scorpions
  6 wights
  3 giant frog zombies
  2 centaur skeletons
  2 crimson imps
  9 orc wizards
  7 hounds
  2 jellies (D:12)
  A giant frog skeleton (D:8)
  An iron imp (D:5)
  7 orc priests
  8 worker ants
  5 big kobold zombies (Ossuary)
  A hound zombie (D:8)
  2 mummies (Ossuary)
  2 hound skeletons
  2 worker ant zombies
  14 gnolls
  9 adders
  4 adder zombies (Ossuary)
  A worm (D:3)
  An adder skeleton (D:9)
  5 giant geckos
  37 orcs
  A ball python (D:4)
  8 bats
  10 giant cockroaches
  5 goblins
  6 hobgoblins
  10 jackals
  8 quokkas
  3 giant newts
  3 gnoll zombies (Ossuary)
  3 hobgoblin zombies (Ossuary)
  8 kobolds
  4 kobold zombies (Ossuary)
  8 orc zombies (Ossuary)
  7 rats
304 creatures vanquished.

Notes
Turn   | Place    | Note
--------------------------------------------------------------
     0 | D:1      | 4thArraOfDagon the Ogre Wanderer began the quest for the Orb.
     0 | D:1      | 4thArraOfDagon set off with: a +2 spear, a potion of lignification, a +0 shield, a +0 robe, a bread ration
     0 | D:1      | Reached XP level 1. HP: 27/27 MP: 1/1
    55 | D:1      | Reached XP level 2. HP: 32/35 MP: 2/2
   127 | D:2      | Found a bloodstained altar of Trog.
   127 | D:2      | Found an iron altar of Okawaru.
   130 | D:2      | Became a worshipper of Warmaster Okawaru
   177 | D:2      | Reached XP level 3. HP: 29/44 MP: 3/3
   183 | D:2      | Reached skill level 1 in Invocations
   486 | D:2      | Reached XP level 4. HP: 22/52 MP: 3/5
   537 | D:2      | Reached skill level 1 in Maces & Flails
   741 | D:3      | Found a glowing silver altar of Zin.
   795 | D:3      | umm
   810 | D:4      | Noticed Edmund
   836 | D:3      | Noticed an ice beast
  1040 | D:3      | Noticed a centaur
  1052 | D:3      | Killed a centaur
  1052 | D:3      | Reached skill level 6 in Fighting
  1052 | D:3      | Reached XP level 5. HP: 37/59 MP: 6/6
  1167 | D:2      | Found a basalt altar of Yredelemnul.
  1409 | D:5      | Entered Level 5 of the Dungeon
  1446 | D:5      | Found a snail-covered altar of Cheibriados.
  1644 | D:6      | Noticed a centaur
  1661 | D:6      | Killed a centaur
  1661 | D:6      | Reached * piety under Okawaru
  1661 | D:6      | Reached XP level 6. HP: 47/67 MP: 7/7
  1708 | D:6      | Noticed Prince Ribbit
  1735 | D:6      | Found a staircase to the Ecumenical Temple.
  1763 | D:6      | Found a sand-covered staircase.
  1767 | Ossuary  | Entered an ossuary
  1897 | Ossuary  | Reached skill level 5 in Maces & Flails
  1897 | Ossuary  | Reached XP level 7. HP: 16/75 MP: 8/8
  2376 | D:6      | Killed Prince Ribbit
  2376 | D:6      | Reached XP level 8. HP: 47/83 MP: 7/9
  2383 | D:6      | Found a shimmering altar of Xom.
  2481 | D:6      | Reached skill level 7 in Maces & Flails
  2492 | D:6      | Found a radiant altar of Vehumet.
  2591 | D:6      | Found Dirraef's Assorted Antiques.
  2594 | D:6      | Bought a ruby potion for 27 gold pieces
  2594 | D:6      | Bought a scroll labeled BALLUR ALOTOSM for 31 gold pieces
  2594 | D:6      | Bought a fuming emerald potion for 27 gold pieces
  2594 | D:6      | Bought a scroll labeled FEEKESEBEA for 31 gold pieces
  2620 | D:5      | Reached ** piety under Okawaru
  2697 | D:5      | Reached skill level 8 in Maces & Flails
  2767 | D:6      | Reached skill level 9 in Maces & Flails
  2767 | D:6      | Reached skill level 5 in Dodging
  2794 | D:6      | Got an encrusted battleaxe
  2806 | D:6      | Identified the +8 battleaxe of the Solstice {flame, Stlth+} (You found it on level 6 of the Dungeon)
  2972 | D:4      | Noticed Menkaure
  2980 | D:4      | Killed Menkaure
  2980 | D:4      | Reached skill level 1 in Axes
  3113 | D:3      | Reached XP level 9. HP: 69/92 MP: 7/10
  3166 | D:4      | Got a steaming silver ring
  3168 | D:4      | Identified the ring of Jommujas {Ice MR+ MP+9 Dex+7 Stlth+} (You found it on level 4 of the Dungeon)
  3585 | D:7      | Reached skill level 1 in Evocations
  3644 | D:6      | Reached *** piety under Okawaru
  4340 | D:9      | Reached XP level 10. HP: 81/104 MP: 11/11
  4463 | D:9      | Found a burning altar of Makhleb.
  4495 | D:9      | Reached skill level 5 in Axes
  4575 | D:9      | Noticed Rayvis's ghost (novice OpAs)
  4629 | D:9      | Reached **** piety under Okawaru
  4671 | D:9      | Found a shattered altar of Ashenzari.
  4722 | D:9      | Reached skill level 1 in Spellcasting
  4746 | D:9      | Found an opulent altar of Gozag.
  4771 | D:9      | Learned a level 3 spell: Regeneration
  4775 | D:9      | Learned a level 3 spell: Spectral Weapon
  4778 | D:9      | Learned a level 2 spell: Song of Slaying
  4780 | D:9      | Learned a level 1 spell: Infusion
  4836 | D:10     | Entered Level 10 of the Dungeon
  4976 | D:6      | Reached skill level 1 in Charms
  4987 | D:6      | Bought a potion of lignification for 93 gold pieces
  4987 | D:6      | Bought a runed cloak for 139 gold pieces
  5076 | D:10     | Reached skill level 1 in Necromancy
  5148 | D:10     | Reached XP level 11. HP: 89/115 MP: 13/13
  5484 | D:11     | Found a staircase to the Lair.
  5583 | D:11     | Noticed a four-headed hydra
  5594 | D:11     | Killed a one-headed hydra
  5604 | D:11     | Found a labyrinth entrance.
  5612 | Lab      | Entered a labyrinth
  6261 | Lab      | Noticed a minotaur
  6270 | Lab      | Killed a minotaur
  6272 | Lab      | Got a shimmering dire flail {distort}
  6355 | D:12     | Noticed a centaur warrior
  6358 | D:12     | Noticed a hill giant
  6385 | D:12     | Noticed a seven-headed hydra
  6391 | D:12     | Killed a four-headed hydra
  6391 | D:12     | Reached ***** piety under Okawaru
  6481 | D:12     | Noticed a hill giant
  6492 | D:12     | Killed a hill giant
  6544 | D:12     | Killed a centaur warrior
  6544 | D:12     | Reached skill level 10 in Fighting
  6655 | D:12     | Reached XP level 12. HP: 70/126 MP: 16/17
  6724 | D:12     | Received a gift from Okawaru
  7087 | D:13     | HP: 3/127 [manticore (4)]
  7088 | D:13     | HP: 1/127 [manticore (22)]
  7088 | D:13     | Slain by a manticore

Vault maps used:
D:1:      dpeg_arrival_tiny_j
D:2:      gammafunk_temple_overflow_elements, nicolae_overflow_crystal_walls,
          minmay_divided_ellipse
D:3:      zin_statuary
D:4:      uniq_edmund, uniq_menkaure
D:5:      slow_altar_1, gammafunk_temple_overflow_wave, first_bread
D:6:      lemuel_doored_altar, xom_teletrap_fun,
          minmay_temple_entry_purple_smoke, basic_altar, serial_shops,
          kennysheep_mini, nicolae_ossuary_entry_plus, uniq_grinder,
          uniq_prince_ribbit1
D:8:      nicolae_ru_path_of_blood
D:9:      gammafunk_temple_overflow_forgotten
D:10:     serial_curves, eino_curves_04, eino_curves_04
D:11:     erik_lair_island, david_orc_4, lab_entry_generic
D:12:     kennysheep_scales
D:13:     minmay_open_boxes_in_corner, enter_bailey_8, uniq_maurice
Lab:      labyrinth_fake_exit, lab_fountain, nicolae_lab_checkerboard
Ossuary:  ossuary_tomb_2

Action                   |  1- 3 |  4- 6 |  7- 9 | 10-12 || total
-------------------------+-------+-------+-------+-------++-------
Melee: Spear             |    98 |   175 |       |       ||   273
       War axe           |       |    29 |     7 |       ||    36
       Flail             |       |    27 |   202 |       ||   229
       Battleaxe         |       |       |   143 |   255 ||   398
Throw: Stone             |       |     3 |       |       ||     3
       Tomahawk          |       |       |       |    16 ||    16
 Cast: Regeneration      |       |       |       |    28 ||    28
       Spectral Weapon   |       |       |       |     3 ||     3
Invok: Heroism           |       |       |    19 |    22 ||    41
Evoke: Wand              |       |       |     8 |     5 ||    13
  Use: Scroll            |     3 |     6 |     4 |    12 ||    25
       Potion            |     2 |     3 |     3 |     3 ||    11
 Stab: Sleeping          |     2 |     8 |     7 |    12 ||    29
       Distracted        |       |       |       |     1 ||     1
  Eat: Chunk             |       |     4 |     8 |     9 ||    21
       Beef jerky        |       |       |     1 |     2 ||     3
       Royal jelly       |       |       |     1 |       ||     1
       Fruit             |       |       |       |     3 ||     3
       Bread ration      |       |       |       |     1 ||     1
       Pizza             |       |       |       |     1 ||     1
